[Event "2nd ITT FENAMAC-B 2020"]
[Site "Toluca"]
[Date "2020.03.15"]
[Round "7.3"]
[White "Cofre Archibold, Nestor"]
[Black "Della Morte, Pablo"]
[Result "0-1"]
[ECO "A40"]
[WhiteElo "2304"]
[BlackElo "2273"]
[Annotator "ChessBase"]
[PlyCount "56"]
[EventDate "2020.03.12"]
[EventType "tourn"]
[EventCountry "MEX"]
[SourceTitle "playchess.com"]
[Source "ChessBase"]
[SourceQuality "1"]
[TimeControl "5400+30"]

1. d4 Nf6 2. c4 e6 3. g3 Bb4+ 4. Bd2 c5 5. Bg2 O-O 6. Bxb4 cxb4 7. e4 d6 8. Ne2 e5 9. h3 Re8 10. d5 a5 11. O-O Na6 12. Nd2 Nc5 13. a4 Bd7 14. b3 h5 15. Kh2 Nh7 16. Qc2 g6 17. f4 exf4 18. Nxf4 Qe7 19. Rae1 h4 20. Re3 hxg3+ 21. Rxg3 Qe5 22. Nd3 Nxd3 23. Qxd3 Nf6 24. Bf3 Kg7 25. Kg2 Rh8 26. Bd1 Bxh3+ 27. Rxh3 Rxh3 28. Qxh3 Qg5+ 0-1